 Dungeon Crawl Stone Soup version 0.31-a0-875-g02e7d12df6 (webtiles) character file.

Game seed: 13780387907868105915

1981 kae the Vexing (level 9, -1/59 (65) HPs)
             Began as a Demonspawn Enchanter on Oct 12, 2023.
             Slain by Edmund
             ... wielding a +4 dire flail of draining
              (6 damage)
             ... on level 6 of the Dungeon.
             The game lasted 00:07:49 (5423 turns).

kae the Vexing (Demonspawn Enchanter)               Turns: 5423, Time: 00:07:50

HP:   -1/59 (65)    AC: 15    Str:  9    XL:     9   Next: 1%
MP:   15/15         EV: -6    Int: 20    God:
Gold: 322           SH:  0    Dex: 14    Spells: 5/16 levels left

rFire   . . .        j - +6 dagger of Hurgheod {heavy, Fly rN+}
rCold   + . .        (no shield)
rNeg    + . .        y - +0 crystal plate armour {rare}
rPois   .            (helmet restricted)
rElec   .            u - +0 cloak
rCorr   .            (no gloves)
SInv    .            (no boots)
Will    .....        A - amulet of the acrobat Stlth
                     C - ring of protection from cold
HPRegen 0.29/turn    (no ring)
MPRegen 0.14/turn

%: acrobat
@: flying, drained
A: antennae 1, hooves 2, foul stench 1, powered by death 1, weakness stinger 2
a: no special abilities


You were on level 6 of the Dungeon.
You visited 1 branch of the dungeon, and saw 6 of its levels.

You collected 322 gold pieces.


Innate Abilities, Weirdness & Mutations

You have a pair of small antennae on your head.
You have hoof-like feet.
You may rarely emit foul miasma when damaged in melee.
You regenerate a little health from kills.
You have a tail ending in a sharp stinger.


   Skills:
 + Level 4.1 Fighting
 * Level 5.5 Short Blades
 - Level 1.7 Dodging
 + Level 5.1 Stealth
 + Level 4.2 Spellcasting
 * Level 6.8 Hexes
 - Level 2.0 Ice Magic


You had 5 spell levels left.
You knew the following spells:

 Your Spells              Type           Power      Damage    Failure   Level
a - Ensorcelled Hibernat  Hex/Ice        44%        N/A       100%        2
b - Confusing Touch       Hex            31%        N/A       100%        3
c - Tukima's Dance        Hex            31%        N/A       100%        3
d - Dazzling Flash        Conj/Hex       36%        N/A       100%        3

Your spell library contained the following spells:

 Spells                   Type           Power      Damage    Failure   Level
 Poisonous Vapours        Pois/Air       8%         N/A       100%        2
 Mephitic Cloud           Conj/Pois/Air  4%         N/A       100%        3
 Cause Fear               Hex            15%        N/A       100%        4
 Olgreb's Toxic Radiance  Pois           4%         N/A       100%        4
 Fireball                 Conj/Fire      2%         3d4       100%        5
 Freezing Cloud           Conj/Ice/Air   3%         6-21      100%        5
 Discord                  Hex            15%        N/A       100%        8
 Ignition                 Fire           2%         3d3       100%        8
 Dragon's Call            Summ           2%         N/A       100%        9

Inventory:

Hand Weapons
 a - a +2 dagger
 j - the +6 dagger of Hurgheod (weapon) {heavy, Fly rN+}
   (You found it on level 2 of the Dungeon)

   rN+:       It protects you from negative energy.
   Fly:       It grants you flight.
Missiles
 f - 37 stones
 m - 2 poisoned darts
 r - 3 boomerangs
 t - 4 javelins
Armour
 b - a +0 robe
 k - a +0 helmet
   (You found it on level 2 of the Dungeon)
 l - the +8 plate armour "Okealuh" {Drain rElec Slay+5}
   (You found it on level 3 of the Dungeon)

   Slay+5:    It affects your accuracy & damage with ranged weapons and melee
   (+5).
   rElec:     It insulates you from electricity.
   Drain:     It drains your maximum health when unequipped.
 u - a +0 cloak (worn)
   (You took it off Crazy Yiuf on level 4 of the Dungeon)
 y - a +0 crystal plate armour (worn) {rare}
   (You found it on level 5 of the Dungeon)
Jewellery
 A - an amulet of the acrobat (around neck)
   (You found it on level 5 of the Dungeon)
 C - a ring of protection from cold (left hand)
   (You found it on level 4 of the Dungeon)
 F - an amulet of reflection
   (You found it on level 6 of the Dungeon)
Wands
 h - a wand of roots (9)
   (You took it off Ijyb on level 3 of the Dungeon)
 p - a wand of charming (10)
   (You found it on level 5 of the Dungeon)
 w - a wand of flame (27)
   (You found it on level 5 of the Dungeon)
 E - a wand of acid (11)
   (You found it on level 6 of the Dungeon)
Scrolls
 d - a scroll of silence {!r}
 i - 3 scrolls of teleportation {@r4}
 n - a scroll of revelation
 q - a scroll of enchant weapon
 s - 2 scrolls of noise {!r}
 v - 3 scrolls of identify {@r1}
 x - a scroll of fear {unknown}
Potions
 c - 3 potions of invisibility
 e - a potion of lignification {!q}
 g - 3 potions of brilliance
 o - a potion of enlightenment {unknown}
 z - a potion of attraction {unknown}
 B - a potion of resistance {unknown}
 D - a potion of heal wounds {unknown}

Dungeon Overview and Level Annotations

Branches:
Dungeon (6/15) Zot: 26670  Temple (0/1) D:4

Altars:
Gozag
Xom

Shops:
D:1 :   D:2 [

Annotations:
D:6 Edmund

##...#...#............#..........
.....#..)#............##.....##..
.....#...#..##...##...##.....##..
##...#...#..##...##...##.....##..
#)..#...#...#..>.+..............
,....#...#...#....#..............
.....#..##..##...#######.........
##...#..##..##...##...###########
#...#......#...@@....##.....#...
....#......##...##..........#...
....#......##...##..........#...
#.......'....'..........#...
#..######....#..........'..)
#..##..##...#############...
#...#..##...##..#...........
#...#...........#...........
#...#...........#...........


You could see Edmund.


Message History

An ogre comes into view. It is wielding a +0 giant club.
The ogre shouts! 😎 HP[+4]
Your hp is fully restored (60).
An ogre is nearby!
An ogre is nearby!
Edmund the Younger comes into view.
He is wielding a +4 dire flail of draining.
Edmund shouts!
The ogre hits you with a +0 giant club!
Edmund moves out of view.
You hit the ogre.
Your tail-slap misses the ogre. 😕 HP[-8]
You take 8 damage, and now have 52/60 hp.
You puncture the ogre! You kick the ogre.
The ogre hits you with a +0 giant club!
You are too injured to fight recklessly! 😮 HP[-13]
You take 13 damage, and now have 39/60 hp.
MASSIVE DAMAGE!! (PAUSE)
You hit the ogre. You kick the ogre. The ogre hits you with a +0 giant club!
* * * LOW HITPOINT WARNING * * *
You emit a cloud of foul miasma! 😨 HP[-16]
You take 16 damage, and now have 23/60 hp.
MASSIVE DAMAGE!! (PAUSE)
You hit the ogre. You kick the ogre, but do no damage.
You punch the ogre, but do no damage.
The ogre is engulfed in dark miasma.
The ogre is poisoned.
You kill the ogre!
You have reached level 9!
Your experience leads to an increase in your attributes!
Increase (S)trength, (I)ntelligence, or (D)exterity?
You feel clever. x2; Your demonic ancestry asserts itself...
Your tail grows a sharp stinger. 😨 HP[+3] MP[+1]
You now have 65 max hp (+5).
You regained 3 hp, and now have 26/65 hp.
Your mp is fully restored (15). 😨 HP[+1] 😨 HP[+1]
You see here a +0 giant club. 😨 HP[+1] 😨 HP[+1]
You see here a +0 club. 😨 HP[+1] 😨 HP[+1] 😮 HP[+1] 😮 HP[+1]
There is an open door here. 😮 HP[+1] 😮 HP[+1]
There is an open door here. 😮 HP[+1] 😮 HP[+1]
You hit Edmund. Your kick misses Edmund. You punch Edmund.
Edmund says, "Everyone always remembers my brother. 'Who's Edmund?' they ask!"
Edmund hits you with a +4 dire flail of draining.
You partially resist.
You feel drained. 😮 HP[-3]
You now have 64 max hp (-1).
You take 3 damage, and now have 35/64 hp.
You hit Edmund. You kick Edmund. You punch Edmund, but do no damage.
Edmund hits you but does no damage. You partially resist. 😮 HP[+1]
You hit Edmund. Edmund hits you but does no damage. You partially resist.
You closely miss Edmund.
Edmund hits you with a +4 dire flail of draining!
* * * LOW HITPOINT WARNING * * *
You partially resist.
You feel drained.
* * * LOW HITPOINT WARNING * * *
😨 HP[-9]
You now have 63 max hp (-1).
You take 9 damage, and now have 27/63 hp.
You puncture Edmund! You kick Edmund.
Your tail-slap misses Edmund.
Edmund hits you with a +4 dire flail of draining.
* * * LOW HITPOINT WARNING * * *
You partially resist.
You feel drained. 😨 HP[-4]
You now have 62 max hp (-1).
You take 4 damage, and now have 23/62 hp.
You puncture Edmund! Your kick misses Edmund.
Edmund says, "A flail is better than a scythe, any day of the week!"
Edmund hits you with a +4 dire flail of draining.
* * * LOW HITPOINT WARNING * * *
You partially resist.
You feel drained.
Edmund hits you with a +4 dire flail of draining!
* * * LOW HITPOINT WARNING * * *
You partially resist.
You feel drained. 😱 HP[-18]
You now have 59 max hp (-3).
You take 18 damage, and now have 5/59 hp.
MASSIVE DAMAGE!! (PAUSE)
You hit Edmund. Your kick misses Edmund.
Edmund hits you with a +4 dire flail of draining.
You die...
Edmund says, "That'll show my brother!"

Skill      XL: |  1  2  3  4  5  6  7  8 |
---------------+-------------------------+-----
Short Blades   | 1 2 3 4 5 |  5.5
Fighting       | 1 2 3 4 |  4.1
Stealth        | 3 4 5 |  5.1
Hexes          | 4 5 6 |  6.8
Ice Magic      | 1 2 |  2.0
Spellcasting   | 3 4 |  4.2
Dodging        | |  1.7

Action                     |  1- 3 |  4- 6 |  7- 9 || total
---------------------------+-------+-------+-------++-------
  Melee: Dagger            |    63 |    79 |   102 ||   244
         Tailslap          |       |     9 |     7 ||    16
         Kick              |       |     9 |    30 ||    39
         Punch             |       |       |     5 ||     5
   Cast: Ensorcelled Hiber |     4 |    12 |    34 ||    50
    Use: Scroll            |       |     7 |     3 ||    10
         Potion            |       |       |     1 ||     1
   Stab: Sleeping          |     7 |    12 |    17 ||    36
 Armour: Robe              |    41 |    45 |    51 ||   137
         Crystal plate arm |       |       |    37 ||    37
  Dodge: Dodged            |    37 |    50 |    44 ||   131

Levels and vault maps discovered:
D:1:      onia_arrival_pentagram, layout_basic, nicolae_shop_vocational
D:2:      cheibrodos_helix_gallery, layout_basic, serial_shops,
          nicolae_shop_window_shopping, basic_altar, minmay_misc_feat_enclosed,
          uniq_natasha, uniq_sigmund
D:3:      kennysheep_the_goblin_king, layout_loops_corners,
          chequers_ecumenical_altar_simple
D:4:      layout_basic, mainiacjoe_overflow_alcove_1, lemuel_doored_altar,
          minmay_temple_entry_sparse_star, serial_bayou_pond_b,
          minmay_diced_spiral, uniq_crazy_yiuf_cottage, uniq_blork_the_orc
D:5:      layout_basic, uniq_eustachio
D:6:      layout_gridville, due_unseen_surprise, uniq_edmund, uniq_maggie

Notes
Turn   | Place    | Note
-------+----------+-------------------------------------------
     0 | D:1      | kae the Demonspawn Enchanter began the quest for the Orb.
     0 | D:1      | Reached XP level 1. HP: 13/13 MP: 3/3
     0 | D:1      | magus.rc [v1.11.3]
   169 | D:1      | Reached skill level 1 in Short Blades
   199 | D:1      | You feel monstrous as your demonic heritage exerts itself.
   199 | D:1      | Discovered your monstrous ancestry.
   199 | D:1      | Gained mutation: You have a small tail. [demonic ancestry]
   199 | D:1      | Reached XP level 2. HP: 8/19 MP: 5/5
   268 | D:1      | Learned a level 2 spell: Ensorcelled Hibernation
   278 | D:1      | HP: 4/19 [hobgoblin (5)]
   360 | D:1      | Found Ydu Istri's Vocational Training.
   521 | D:1      | Gained mutation: You regenerate a little health from kills.
                  | [demonic ancestry]
   521 | D:1      | Reached XP level 3. HP: 16/25 MP: 3/6
   525 | D:1      | Learned a level 3 spell: Confusing Touch
   864 | D:2      | Identified the +6 dagger of Hurgheod {heavy, Fly rN+}
   903 | D:2      | Noticed Natasha
   906 | D:2      | Killed Natasha
   907 | D:2      | Reached skill level 1 in Fighting
   907 | D:2      | Reached skill level 3 in Stealth
   907 | D:2      | Gained mutation: You have large cloven feet. [demonic
                  | ancestry]
   907 | D:2      | Reached XP level 4. HP: 32/32 MP: 7/7
   928 | D:2      | Noticed Natasha
   937 | D:2      | Killed Natasha
   938 | D:2      | Reached skill level 2 in Short Blades
  1089 | D:2      | Noticed Natasha
  1097 | D:2      | Killed Natasha
  1171 | D:2      | Found Nav Dar's Antique Armour Shoppe.
  1216 | D:2      | Noticed Sigmund
  1250 | D:2      | Reached skill level 4 in Hexes
  1373 | D:2      | Gained mutation: You may rarely emit foul miasma when
                  | damaged in melee. [demonic ancestry]
  1373 | D:2      | Reached XP level 5. HP: 37/37 MP: 8/8
  1638 | D:2      | Killed Sigmund
  1639 | D:2      | Reached skill level 1 in Ice Magic
  1639 | D:2      | Gained mutation: You have hoof-like feet. [demonic
                  | ancestry]
  1639 | D:2      | Reached XP level 6. HP: 44/44 MP: 6/10
  1707 | D:3      | Noticed Ijyb
  1723 | D:3      | Killed Ijyb
  1724 | D:3      | Reached skill level 3 in Short Blades
  1743 | D:3      | You pick up a book of Vapours and begin reading...
  1743 | D:3      | You add the spells Poisonous Vapours, Mephitic Cloud and
                  | Freezing Cloud to your library.
  1758 | D:3      | Identified the +8 plate armour "Okealuh" {Drain rElec
                  | Slay+5}
  1857 | D:3      | You add the spells Olgreb's Toxic Radiance, Ignition and
                  | Discord to your library.
  2039 | D:3      | Reached skill level 2 in Fighting
  2179 | D:3      | HP: 10/44 [gnoll/+0 halberd (7)]
  2184 | D:3      | HP: 9/44 [gnoll/+0 spear (6)]
  2443 | D:3      | Found a faded altar of an unknown god.
  2802 | D:4      | Reached skill level 3 in Spellcasting
  2807 | D:4      | Gained mutation: You have a pair of small antennae on your
                  | head. [demonic ancestry]
  2807 | D:4      | Reached XP level 7. HP: 50/50 MP: 8/11
  3059 | D:4      | Found a shimmering altar of Xom.
  3067 | D:4      | Found an opulent altar of Gozag.
  3251 | D:4      | Reached skill level 5 in Hexes
  3251 | D:4      | Reached skill level 2 in Ice Magic
  3371 | D:4      | Found a staircase to the Ecumenical Temple.
  3464 | D:4      | HP: 4/51 [ogre/+0 giant club (22)]
  3468 | D:4      | Reached skill level 4 in Stealth
  3608 | D:4      | Reached skill level 4 in Short Blades
  3612 | D:4      | Reached skill level 3 in Fighting
  3842 | D:4      | Noticed Blork the orc
  3848 | D:4      | Killed Blork the orc
  3849 | D:4      | Reached XP level 8. HP: 58/58 MP: 10/13
  3893 | D:4      | Found a runed translucent door.
  3894 | D:4      | Noticed Crazy Yiuf
  4015 | D:4      | Killed Crazy Yiuf
  4125 | D:5      | Entered Level 5 of the Dungeon
  4344 | D:5      | Reached skill level 6 in Hexes
  4406 | D:5      | Learned a level 3 spell: Tukima's Dance
  4410 | D:5      | Learned a level 3 spell: Dazzling Flash
  4470 | D:5      | You pick up a book of the Dragon and begin reading...
  4470 | D:5      | You add the spells Cause Fear, Fireball and Dragon's Call
                  | to your library.
  4784 | D:5      | Noticed Eustachio
  4792 | D:5      | Killed Eustachio
  4793 | D:5      | Reached skill level 5 in Short Blades
  4793 | D:5      | Reached skill level 4 in Spellcasting
  4974 | D:5      | Identified a +0 crystal plate armour
  4975 | D:5      | y - a +0 crystal plate armour {rare}
  5006 | D:5      | You finish putting on your +0 crystal plate armour {rare}.
  5252 | D:6      | Reached skill level 4 in Fighting
  5252 | D:6      | Reached skill level 5 in Stealth
  5371 | D:6      | Noticed Edmund
  5376 | D:6      | Gained mutation: You have a tail ending in a sharp stinger.
                  | [demonic ancestry]
  5376 | D:6      | Reached XP level 9. HP: 26/65 MP: 15/15
  5422 | D:6      | HP: 5/61 [Edmund/+4 dire flail of draining (12)]
  5423 | D:6      | Slain by Edmund

Vanquished Creatures
  Sigmund (D:2)
  Eustachio (D:5)
  A black bear (D:4)
  4 ogres
  A phantom (D:6)
  Blork the orc (D:4)
  A bullfrog (D:6)
  A gnoll sergeant (D:4)
  6 scorpions
  2 jellies
  5 hounds
  An orc priest (D:5)
  Crazy Yiuf (D:4)
  Ijyb (D:3)
  A sleepcap (D:5)
  Natasha (thrice) (D:2)
  2 orc wizards
  5 gnolls
  3 adders
  A worm (D:2)
  A dart slug (D:5)
  12 orcs
  5 ball pythons
  8 endoplasms
  2 giant cockroaches (D:1)
  8 hobgoblins
  5 kobolds
  4 quokkas
  7 bats
  A frilled lizard (D:1)
  14 goblins
  5 rats
114 creatures vanquished.

Vanquished Creatures (others)
  An orc wizard (D:4)
1 creature vanquished.

Grand Total: 115 creatures vanquished

Table legend:
 A = Non-vault XP
 B = Vault XP
 C = Vault XP percentage of total XP
 D = Non-vault monster count
 E = Vault monster count
 F = Vault count percentage of total count
                 A         B        C        D         E       F
            +---------+---------+-------+---------+---------+-------
      Total |    1880 |     950 |  33.6 |      96 |      19 |  16.5
            +---------+---------+-------+---------+---------+-------
        D:1 |      56 |       0 |   0.0 |      20 |       0 |   0.0
        D:2 |     105 |     268 |  71.8 |      15 |       4 |  21.1
        D:3 |     168 |      46 |  21.5 |      20 |       7 |  25.9
        D:4 |     431 |     439 |  50.5 |      19 |       7 |  26.9
        D:5 |     620 |     197 |  24.1 |      14 |       1 |   6.7
        D:6 |     500 |       0 |   0.0 |       8 |       0 |   0.0
            +---------+---------+-------+---------+---------+-------

Skill      XL: |  1  2  3  4  5  6  7  8 |
---------------+-------------------------+-----
Short Blades   | 1 2 3 4 5 |  5.5
Fighting       | 1 2 3 4 |  4.1
Stealth        | 3 4 5 |  5.1
Hexes          | 4 5 6 |  6.8
Ice Magic      | 1 2 |  2.0
Spellcasting   | 3 4 |  4.2
Dodging        | |  1.7

Action                     |  1- 3 |  4- 6 |  7- 9 || total
---------------------------+-------+-------+-------++-------
  Melee: Dagger            |    63 |    79 |   102 ||   244
         Tailslap          |       |     9 |     7 ||    16
         Kick              |       |     9 |    30 ||    39
         Punch             |       |       |     5 ||     5
   Cast: Ensorcelled Hiber |     4 |    12 |    34 ||    50
    Use: Scroll            |       |     7 |     3 ||    10
         Potion            |       |       |     1 ||     1
   Stab: Sleeping          |     7 |    12 |    17 ||    36
 Armour: Robe              |    41 |    45 |    51 ||   137
         Crystal plate arm |       |       |    37 ||    37
  Dodge: Dodged            |    37 |    50 |    44 ||   131

Illustrated notes

Table legend:
 A = Kills in this place as a percentage of kills in the entire game.
 B = Kills by you in this place as a percentage of kills by you in the entire game.
 C = Kills by friends in this place as a percentage of kills by friends in the entire game.
 D = Other kills in this place as a percentage of other kills in the entire game.
 E = Experience gained in this place as a percentage of experience gained in the entire game.
 F = Experience gained in this place divided by the number of levels of this place that you have seen.
                   A       B       C       D       E      F
               +-------+-------+-------+-------+-------+----------------------
         Total | 100.0 | 100.0 |   N/A | 100.0 | 100.0 | 471.7
       Dungeon | 100.0 | 100.0 |   N/A | 100.0 | 100.0 | 471.7
               +-------+-------+-------+-------+-------+----------------------

Table legend: (Time is in decaauts)
 A = Elapsed time spent in this place.
 B = Non-inter-level travel time spent in this place.
 C = Inter-level travel time spent in this place.
 D = Time resting spent in this place.
 E = Time spent auto-exploring this place.
 F = Levels seen in this place.
 G = Mean time per level.
                   A        B        C        D        E       F      G
               +--------+--------+--------+--------+--------+-----+--------+
         Total |   5476 |   5405 |     71 |    373 |   4038 |   6 |  912.7 |
       Dungeon |   5476 |   5405 |     71 |    373 |   4038 |   6 |  912.7 |
               +--------+--------+--------+--------+--------+-----+--------+

Top non-repeatable levels by time:
     D:4: 1393 daAuts
     D:3: 1086 daAuts
     D:5: 974 daAuts
     D:1: 860 daAuts
     D:2: 833 daAuts
     D:6: 328 daAuts
